 Dungeon Crawl Stone Soup version 0.25.1-2-g60ff931df9 (webtiles) character file.

Game seed: 16223718759342448671

43 raphialitos the Magician (level 3, -10/21 HPs)
             Began as an Octopode Wizard on Oct 19, 2020.
             Killed by divine providence
             ... invoked by an orc priest
              (13 damage)
             ... on level 3 of the Dungeon.
             The game lasted 00:06:16 (2499 turns).

raphialitos the Magician (Octopode Wizard)          Turns: 2499, Time: 00:06:17

Health: -10/21     AC:  1    Str:  6    XL:     3   Next: 58%
Magic:  0/8        EV: 13    Int: 21    God:
Gold:   109        SH:  0    Dex: 10    Spells: 2/9 levels left

rFire    . . .     SeeInvis .   b - +0 dagger
rCold    . . .     Gourm    .   (no shield)
rNeg     . . .     Faith    .   a - +0 hat
rPois    .         Spirit   .   (no amulet)
rElec    .         Reflect  .   e - ring of resist corrosion
rCorr    +         Harm     .   (no ring)
MR       .....                  (no ring)
Stlth    +++.......             (no ring)
HPRegen  0.07/turn              (no ring)
MPRegen  0.11/turn              (no ring)
                                (no ring)
                                (no ring)

@: very slightly contaminated
A: almost no armour, stealthy swim, amphibious, 8 rings, constrict 8, camouflage
1, gelatinous body 1
a: no special abilities


You were on level 3 of the Dungeon.
You were not hungry.

You visited 1 branch of the dungeon, and saw 3 of its levels.

You collected 109 gold pieces.

Inventory:

Hand Weapons
 b - a +0 dagger (weapon)
 d - a +0 hunting sling
Missiles
 g - 20 arrows
 i - a throwing net (quivered)
 j - 20 sling bullets
Armour
 a - a +0 hat (worn)
Jewellery
 e - a ring of resist corrosion (left tentacle)
Scrolls
 f - a scroll of amnesia
 l - a scroll of teleportation {unknown}
Potions
 k - a potion of cancellation {unknown}
Comestibles
 c - 6 rations
 h - a chunk of flesh


   Skills:
   Level 0.4 Maces & Flails
 + Level 2.2 Dodging
 + Level 3.4 Stealth
 + Level 3.7 Spellcasting
 + Level 1.2 Conjurations
 + Level 1.0 Summonings
 + Level 1.0 Translocations


You had 2 spell levels left.
You knew the following spells:

 Your Spells              Type           Power        Failure   Level  Hunger
a - Magic Dart            Conj           #...         8%          1    None
b - Blink                 Tloc           N/A          12%         2    ##.....
c - Call Imp              Summ           #.......     12%         2    ##.....
d - Slow                  Hex            #.......     19%         2    ##.....

Your spell library contained the following spells:

 Spells                   Type           Power        Failure   Level  Hunger
 Conjure Flame            Conj/Fire      #.......     28%         3    ###....
 Mephitic Cloud           Conj/Pois/Air  #.......     30%         3    ###....


Dungeon Overview and Level Annotations

Branches:
Dungeon (3/15)

Altars:
Hepliaklqana


Innate Abilities, Weirdness & Mutations

You cannot wear most types of armour.
You are very stealthy in the water. (Stealth+)
You are amphibious.
You can wear up to eight rings at the same time.
You can use your tentacles to constrict eight enemies at once.
Your skin changes colour to match your surroundings (Stealth+).
Your rubbery body absorbs attacks. (AC +1, EV +1)


Message History

You hit the orc priest but do no damage.
Your grab misses the orc priest.
The orc priest is heavily wounded.
You hit the orc priest. Your grab misses the orc priest.
The orc priest is heavily wounded.
The orc priest hits you with a +0 club!
Casting: Call Imp (safe; 12% risk of failure)
Confirm with . or Enter, or press ? or * to list all spells.
Aiming: Magic Dart (safe; 8% risk of failure)
Press: ? - help, Shift-Dir - straight line, f/p - orc priest
Aim: an orc priest, wielding a +0 club (heavily wounded)
The magic dart hits the orc priest.
The orc priest is severely wounded.
The orc priest hits you with a +0 club!
* * * LOW HITPOINT WARNING * * *
Something closely misses your crimson imp.
The orc priest mumbles some strange prayers to Beogh against you.
Beogh smites you!
Ouch! That really hurt!
You die...

#.# #.# # .##.#
#.# # ..#.#
#.#.#
#.#.###.#.#
#.#.......#
#.#####.###
#o.# #.#
#.####.########
#.5o.@.........
#$.###+########
#.........
#.........
#.#.......
..#.......
####...$...
#...... ..g...


You could see an orc priest and a friendly crimson imp (summoned).

Vanquished Creatures
  An ooze (D:2)
  2 dart slugs (D:2)
  2 leopard geckos (D:1)
  2 ball pythons
  4 giant cockroaches
  4 goblins
  4 hobgoblins
  3 bats (D:1)
  A frilled lizard (D:1)
  2 rats
25 creatures vanquished.

Vanquished Creatures (collateral kills)
  A goblin (D:2)
  A frilled lizard (D:2)
  2 kobolds (D:2)
  2 rats (D:2)
6 creatures vanquished.

Grand Total: 31 creatures vanquished

Notes
Turn   | Place    | Note
-------+----------+-------------------------------------------
     0 | D:1      | raphialitos the Octopode Wizard began the quest for the
                  | Orb.
     0 | D:1      | Reached XP level 1. HP: 11/11 MP: 4/4
   531 | D:1      | Reached XP level 2. HP: 17/17 MP: 3/6
   874 | D:1      | Learned a level 2 spell: Blink
   877 | D:1      | Learned a level 2 spell: Call Imp
   880 | D:1      | Learned a level 2 spell: Slow
  1129 | D:2      | Reached XP level 3. HP: 9/21 MP: 6/8
  2043 | D:2      | Found a hazy altar of Hepliaklqana.
  2499 | D:3      | Killed from afar by an orc priest

Illustrated notes

Levels and vault maps discovered:
D:1:      tarquinn_simple_flora_water_e, layout_basic, hangedman_decor_riveting,
          kennysheep_small_spiral
D:2:      layout_loops_ring, nicolae_overflow_crystal_walls,
          kennysheep_generic_room_8
D:3:      layout_basic, first_ration, gammafunk_ghost_cemetery

Skill      XL: |  1  2 |
---------------+-------+-----
Stealth        | 3 |  3.4
Maces & Flails | |  0.4
Dodging        | |  2.2
Spellcasting   | |  3.7
Conjurations   | |  1.2
Summonings     | |  1.0
Translocations | |  1.0

Action                   || total
-------------------------++-------
Melee: Unarmed           ||     7
       Constrict         ||    16
       Club              ||    32
       Tentacles         ||     9
       Dagger            ||     6
 Cast: Magic Dart        ||    39
       Call Imp          ||    12
       Blink             ||     1
  Use: Scroll            ||     4
 Stab: Sleeping          ||     2
  Eat: Chunk             ||     5
Armor: Skin              ||     5
Dodge: Dodged            ||    26
